 Dungeon Crawl Stone Soup version 0.14-a0-1097-gc7db7fc (webtiles) character file.

304 MackTheKnife the Skirmisher (level 4, 0/39 HPs)
             Began as a Draconian Gladiator on Nov 28, 2013.
             Killed from afar by an orc wizard (7 damage)
             ... with a magic dart
             ... on Level 4 of the Dungeon.
             The game lasted 00:04:12 (1742 turns).

MackTheKnife the Skirmisher (Draconian Gladiator)   Turns: 1742, Time: 00:04:12

HP   0/39        AC  6     Str 17      XL: 4   Next: 69%
MP   3/3         EV 13     Int  8      God:
Gold 188         SH  0     Dex 13      Spells:  0 memorised,  3 levels left

rFire  . . .     SeeInvis .     k - +3,+2 elf spear (pierce)
rCold  . . .     Clarity  .     (armour unavailable)
rNeg   . . .     Conserve .     (no shield)
rPois  .         rCorr    .     c - +0 cap
rElec  .         rRot     .     (no cloak)
SustAb . .       Spirit   .     o - +0 pair of gloves
rMut   .         Warding  .     (no boots)
Saprov . . .     Stasis   .     (no amulet)
                                (no ring)
                                (no ring)

@: very slightly contaminated, slightly resistant to hostile enchantments,
unstealthy
A: unfitting armour, AC +5
a: no special abilities


You were on level 4 of the Dungeon.
You were hungry.

You visited 1 branch of the dungeon, and saw 4 of its levels.

You collected 188 gold pieces.


   Skills:
 + Level 5.1 Fighting
   Level 3.4 Maces & Flails
 - Level 1.7 Throwing
 - Level 2.6 Dodging


You had 3 spell levels left.
You didn't know any spells.

Inventory:

Hand weapons
 k - a +3,+2 elven spear of piercing (weapon)
Missiles
 d - 3 throwing nets (quivered)
Armour
 c - a +0 cap (worn)
 o - a +0 pair of gloves (worn)
Magical devices
 v - a wand of slowing (8)
Comestibles
 f - 2 bread rations
 g - a pear
 j - a banana
 p - a meat ration
 s - a rotting chunk of orc flesh {@*1}
 t - 11 sultanas
Scrolls
 a - a scroll of identify
 b - a scroll of teleportation
 h - a scroll of enchant weapon I {unknown}
 q - a scroll of amnesia {unknown}
 r - 2 scrolls of remove curse
Jewellery
 m - an uncursed ring of fire
Potions
 e - a potion of curing
 i - a potion of brilliance
 w - a potion of restore abilities

···········▒·······
·>········%▒▒▒▒···▒▒
▒··········)!▒ ▒▒▒▒▒
▒··········o·▒▒▒
▒············▒
▒▒▒▒▒▒············▒
▒··(········▒▒▒···▒
▒······o)·▒▒▒ ▒▒▒▒▒
▒······do·▒ ▒▒▒
▒▒▒·······▒▒ ▒··
▒▒·······▒ ▒··
▒···▒···▒ ▒▒··
▒▒▒▒▒···▒ ▒··· ▒···▒
····· ▒▒▒▒▒ ····
<··· ····


You could see an orc wizard and an orc.


Message History

The orc wizard is lightly wounded.
The orc wizard hits you but does no damage.
The orc misses you.
You barely miss the orc wizard.
You tail-slap the orc wizard, but do no damage.
The orc wizard is lightly wounded.
The orc wizard hits you but does no damage.
The orc hits you but does no damage.
You hit the orc.
You kill the orc!
The orc wizard casts a spell at you. The magic dart hits you!
* * * LOW HITPOINT WARNING * * *
The orc barely misses you.
You hit the orc wizard.
The orc wizard is moderately wounded.
You are feeling hungry.
The orc wizard hits you but does no damage.
You hit the orc wizard. You tail-slap the orc wizard.
The orc wizard is severely wounded.
The orc barely misses you.
The orc wizard hits you with an orcish dagger.
* * * LOW HITPOINT WARNING * * *
You hit the orc wizard.
You tail-slap the orc wizard, but do no damage.
The orc wizard is severely wounded.
The orc closely misses you. The orc wizard casts a spell at you.
The magic dart hits you!
You die...

Action                   |  1- 3 |  4- 6 || total
-------------------------+-------+-------++-------
Melee: Mace              |    50 |       ||    50
       Spear             |   109 |    38 ||   147
Evoke: Wand              |       |     1 ||     1
  Use: Scroll            |     5 |     6 ||    11
       Potion            |       |     4 ||     4
 Stab: Sleeping          |     1 |       ||     1
       Invisible         |       |     3 ||     3

Vault maps used:
D:1:      dpeg_entry_rooms_with_view, st_stairs_7, minmay_misc_feat_ornament
D:2:      minivault_23
D:3:      lemuel_round_altar
D:4:      st_stairs_3, uniq_purgy, uniq_grinder, uniq_crazy_yiuf_cottage

Notes
Turn   | Place    | Note
--------------------------------------------------------------
     0 | D:1      | MackTheKnife, the Draconian Gladiator, began the quest for the Orb.
     0 | D:1      | Reached XP level 1. HP: 18/18 MP: 0/0
   155 | D:1      | Reached XP level 2. HP: 25/25 MP: 1/1
   320 | D:1      | Reached skill level 3 in Fighting
   675 | D:1      | Reached XP level 3. HP: 31/31 MP: 2/2
  1074 | D:2      | Reached skill level 4 in Fighting
  1485 | D:3      | Reached XP level 4. HP: 39/39 MP: 3/3
  1656 | D:3      | Noticed MackTheKnife's ghost (average DrGl)
  1677 | D:4      | Noticed an ogre
  1685 | D:4      | Noticed Purgy
  1686 | D:4      | Noticed MackTheKnife's ghost (average DrGl)
  1709 | D:4      | HP: 1/39 [orc priest/divine providence (13)]
  1714 | D:4      | Reached skill level 5 in Fighting
  1742 | D:4      | Killed from afar by an orc wizard

Vanquished Creatures
  An orc priest (D:4)
  An adder (D:2)
  A worm (D:3)
  A giant gecko (D:1)
  4 orcs
  4 giant cockroaches
  13 goblins
  8 hobgoblins
  7 kobolds
  A quokka (D:2)
  3 bats
  5 giant newts
  5 jackals
  7 rats
61 creatures vanquished.
